 Dungeon Crawl Stone Soup version 0.15-a0-123-geffbfde (webtiles) character file.

108 Kae the Firebug (level 3, -3/19 HPs)
             Began as a Tengu Fire Elementalist on Apr 11, 2014.
             Killed from afar by Sigmund (11 damage)
             ... with a puff of flame
             ... on Level 2 of the Dungeon.
             The game lasted 00:02:23 (1658 turns).

Kae the Firebug (Tengu Fire Elementalist)           Turns: 1658, Time: 00:02:23

HP  -3/19        AC  2     Str  8      XL: 3   Next: 54%
MP   0/7         EV 12     Int 16      God:
Gold 66          SH  0     Dex 14      Spells:  3 memorised,  1 level left

rFire  . . .     SeeInvis .     i - +1,+0 falchion (elec)
rCold  . . .     Clarity  .     a - +0 robe
rNeg   . . .     Conserve .     (no shield)
rPois  .         rCorr    .     (helmet restricted)
rElec  .         rRot     .     (no cloak)
SustAb . .       Spirit   .     (no gloves)
rMut   .         Warding  .     (boots unavailable)
Saprov . . .     Stasis   .     (no amulet)
MR     .....                    (no ring)
                                (no ring)

@: not resistant to hostile enchantments, fairly stealthy
A: beak, talons 3
a: no special abilities


You were on level 2 of the Dungeon.
You were very hungry.

You visited 1 branch of the dungeon, and saw 2 of its levels.

You collected 66 gold pieces.

Inventory:

Hand weapons
 i - a +1,+0 falchion of electrocution (weapon)
Armour
 a - a +0 robe (worn)
Comestibles
 c - 2 bread rations
Scrolls
 d - a scroll of remove curse {unknown}
 f - a scroll of amnesia {unknown}
 j - 2 scrolls of fog {unknown}
Potions
 e - a potion of haste {unknown}
 g - a potion of curing {unknown}
 h - a potion of heal wounds {unknown}
Books
 b - a book of Flames

   Spells                             Type                      Level
   *Flame Tongue                      Conjuration/Fire             1
   *Throw Flame                       Conjuration/Fire             2
   *Conjure Flame                     Conjuration/Fire             3
   Inner Flame                        Hexes/Fire                   3
   Sticky Flame                       Conjuration/Fire             4
   Fireball                           Conjuration/Fire             5


   Skills:
 - Level 2.1 Dodging
 - Level 2.0 Stealth
 + Level 2.5 Spellcasting
 * Level 2.8 Conjurations
 * Level 3.9 Fire Magic


You had one spell level left.
You knew the following spells:

 Your Spells              Type           Power        Failure   Level  Hunger
a - Flame Tongue          Conj/Fire      ##...        6%          1    #......
b - Throw Flame           Conj/Fire      ##....       10%         2    ##.....
c - Conjure Flame         Conj/Fire      ##......     14%         3    ###....


Dungeon Overview and Level Annotations

Branches:
Dungeon (2/15)

Altars:

Annotations:
D:2 Sigmund


Innate Abilities, Weirdness & Mutations

You have a beak for a mouth.
You have claws for feet.


Message History

The flame tongue misses Sigmund.
Sigmund gestures at you while chanting. The magic dart hits you!
Casting: Flame Tongue
Confirm with . or Enter, or press ? or * to list all spells.
Aiming: Flame Tongue
Press: ? - help, Shift-Dir - straight line, f/p - Sigmund
Aim: Sigmund, wielding a scythe and wearing a robe The flame tongue misses Sigmund.
Casting: Flame Tongue
Confirm with . or Enter, or press ? or * to list all spells.
Aiming: Flame Tongue
Press: ? - help, Shift-Dir - straight line, f/p - Sigmund
Aim: Sigmund, wielding a scythe and wearing a robe The flame tongue hits Sigmund.
Sigmund appears unharmed.
You are feeling very hungry.
Sigmund casts a spell at you. The puff of flame hits you!
Ouch! That really hurt!
You die...

....<#....####........#
#.#####.#.........###.#
#.# #.######.##.#
#.#####.# #.##.#
........# #.##.#
##.###...# #.##.# #
#.##.....# #.##.###.#
#.#.......###...)....#
##..........####@..####
..<.........@ยง......#
##..........####[..##
##.#.......## ##.##
...##.....# #...
######...## ####. ##+##
#


You could see Sigmund.

Vanquished Creatures
  An adder (D:2)
  A giant gecko (D:1)
  A ball python (D:1)
  2 giant cockroaches (D:1)
  8 hobgoblins
  6 bats (D:1)
  3 giant newts
  2 goblins (D:1)
  4 kobolds
  6 rats (D:1)
34 creatures vanquished.

Vanquished Creatures (others)
  A plant (D:1)
1 creature vanquished.

Grand Total: 35 creatures vanquished

Notes
Turn   | Place    | Note
--------------------------------------------------------------
     0 | D:1      | Kae, the Tengu Fire Elementalist, began the quest for the Orb.
     0 | D:1      | Reached XP level 1. HP: 10/10 MP: 3/3
   368 | D:1      | Reached XP level 2. HP: 13/15 MP: 0/5
   890 | D:1      | Reached XP level 3. HP: 19/19 MP: 4/7
  1552 | D:2      | Noticed Sigmund
  1559 | D:1      | Learned a level 2 spell: Throw Flame
  1563 | D:1      | Learned a level 3 spell: Conjure Flame
  1658 | D:2      | Killed from afar by Sigmund

Action                   || total
-------------------------++-------
Melee: Unarmed           ||   105
       Falchion          ||     4
 Cast: Flame Tongue      ||    32
       Conjure Flame     ||     1
